 Dungeon Crawl Stone Soup version 0.28.0 (webtiles) character file.

Game seed: 9668813809064351164

418 Ayyar the Chopper (level 6, -2/56 HPs)
             Began as a Hill Orc Monk on Apr 14, 2022.
             Slain by an adder (5 damage)
             ... on level 4 of the Dungeon.
             The game lasted 00:10:05 (3994 turns).

Ayyar the Chopper (Hill Orc Monk)                   Turns: 3994, Time: 00:10:06

Health: -2/56      AC:  0    Str: 16    XL:     6   Next: 93%
Magic:  6/6        EV:  7    Int: 10    God:
Gold:   139        SH:  0    Dex: 13    Spells: 5/5 levels left

rFire   . . .      SeeInvis .   a - +0 hand axe
rCold   . . .      Faith    .   (no shield)
rNeg    . . .      Spirit   .   k - +0 chain mail
rPois   .          Reflect  .   (no helmet)
rElec   .          Harm     .   (no cloak)
rCorr   .          Rampage  .   (no gloves)
Will    .....                   (no boots)
Stlth   ..........              (no amulet)
HPRegen 0.18/turn               (no ring)
MPRegen 0.10/turn               (no ring)

@: lethally poisoned (-2 -> -9), corroded
A: no striking features
a: no special abilities


You were on level 4 of the Dungeon.
You visited 1 branch of the dungeon, and saw 4 of its levels.

You collected 139 gold pieces.

Inventory:

Hand Weapons
 a - a +0 hand axe (weapon)
Missiles
 h - 4 boomerangs (quivered)
 p - 4 javelins
Armour
 k - a +0 chain mail (worn)
 o - a scarf of shadows
Wands
 j - a wand of mindburst (12)
Scrolls
 b - a scroll of immolation {unknown}
 g - a scroll of teleportation {unknown}
 i - 2 scrolls of vulnerability {unknown}
 m - 4 scrolls of identify {unknown}
 n - a scroll of summoning {unknown}
Potions
 c - a potion of magic {unknown}
 d - a potion of attraction {unknown}
 e - 4 potions of curing {unknown}
 f - a potion of might {unknown}
 l - a potion of degeneration {unknown}


   Skills:
 + Level 5.4 Fighting
 * Level 6.6 Axes
 + Level 2.6 Armour
 - Level 3.0 Dodging
 - Level 3.0 Stealth


You had 5 spell levels left.
You didn't know any spells.
Your spell library was empty.

Dungeon Overview and Level Annotations

Branches:
Dungeon (4/15)
 Temple: D:4-7

Altars:
Makhleb
Yredelemnul
The Shining One

Annotations:
D:3 Sigmund


Message History

The adder is moderately wounded.
A nearby plant withers and dies.
The adder barely misses you.
You hit the jelly.
Your hands burn!
The jelly is moderately wounded.
You miss the adder. The adder bites you but does no damage. The jelly hits you.
You are splashed with acid!
The adder bites you.
You barely miss the jelly.
The jelly is moderately wounded.
You miss the adder. The jelly hits you but does no damage.
The adder bites you but does no damage.
You hit the jelly.
Your hands burn!
The jelly is severely wounded.
You miss the adder. The adder bites you but does no damage.
The jelly hits you but does no damage.
You hit the jelly but do no damage.
Your hands burn!
The jelly is severely wounded.
You barely miss the adder. The adder bites you but does no damage.
The jelly hits you.
You are splashed with acid!
The adder bites you but does no damage.
You hit the jelly. The acid corrodes you!
Your hands burn!
The jelly is severely wounded.
You miss the adder. The jelly hits you but does no damage.
The adder closely misses you.
You hit the jelly but do no damage.
Your hands burn!
The jelly is severely wounded.
You closely miss the adder. The adder bites you.
You are poisoned.
The adder poisons you! The jelly barely misses you.
You hit the jelly but do no damage. The acid corrodes you!
Your hands burn!
The jelly is severely wounded.
You hit the adder but do no damage.
You feel sick. The adder bites you.
* * * LOW HITPOINT WARNING * * *
You are more poisoned.
The adder poisons you! The jelly hits you.
* * * LOW HITPOINT WARNING * * *
The acid corrodes you!
You are splashed with acid!
* * * LOW HITPOINT WARNING * * *
* * * LOW HITPOINT WARNING * * *
You feel sick. The jelly barely misses you. The adder bites you.
You die...

≈≈≈≈≈≈≈≈≈≈ ≈≈≈ ≈≈≈≈≈≈
≈≈≈≈≈≈≈≈≈≈≈P ≈≈≈≈
≈≈≈≈≈≈P≈≈..≈P≈≈.≈.≈≈
##≈..≈..≈≈......≈..≈.[...
......... ..#..........##
...#.##.###............##
#.........#.....<....##
#....J....#..........#
#....S@..............#
#...........(........##
#..........##.##.......
#.........###<#########
#..)......# ###
#.########## #.#.......##
#.#.#._.#.## #.#.#...#.##


You could see a jelly and an adder.

Vanquished Creatures
  Pargi (D:3)
  A scorpion (D:4)
  A bullfrog skeleton (D:4)
  A centaur skeleton (D:4)
  A hound (D:2)
  An iguana (D:4)
  Jessica (D:2)
  5 adders
  An adder skeleton (D:4)
  A worm (D:2)
  An orc (D:3)
  9 bats
  5 endoplasms
  8 giant cockroaches
  4 goblins
  6 hobgoblins
  2 jackals (D:2)
  3 quokkas
  8 ball pythons
  2 frilled lizards (D:1)
  4 kobolds
  4 rats
70 creatures vanquished.

Vanquished Creatures (others)
  8 plants
8 creatures vanquished.

Grand Total: 78 creatures vanquished

Notes
Turn   | Place    | Note
-------+----------+-------------------------------------------
     0 | D:1      | Ayyar the Hill Orc Monk began the quest for the Orb.
     0 | D:1      | Reached XP level 1. HP: 19/19 MP: 1/1
   297 | D:1      | Reached XP level 2. HP: 27/27 MP: 2/2
   680 | D:1      | Found a faded altar of an unknown god.
   965 | D:1      | Reached XP level 3. HP: 32/33 MP: 3/3
  1311 | D:2      | Reached XP level 4. HP: 16/40 MP: 4/4
  1688 | D:2      | Noticed Jessica
  1692 | D:2      | Killed Jessica
  1693 | D:2      | Reached skill level 5 in Axes
  1839 | D:2      | Reached XP level 5. HP: 47/47 MP: 5/5
  2229 | D:3      | Noticed a sky beast
  2237 | D:3      | Noticed Sigmund
  2631 | D:3      | Found a glowing golden altar of the Shining One.
  2853 | D:3      | Found a basalt altar of Yredelemnul.
  2951 | D:3      | Reached skill level 1 in Armour
  2955 | D:3      | Noticed Pargi
  2972 | D:3      | Killed Pargi
  2973 | D:3      | Reached skill level 5 in Fighting
  2973 | D:3      | Reached XP level 6. HP: 16/56 MP: 6/6
  3238 | D:3      | You fall into a shaft and drop 1 floor!
  3355 | D:4      | Reached skill level 6 in Axes
  3962 | D:4      | Found a burning altar of Makhleb.
  3994 | D:4      | Slain by an adder

Illustrated notes

Levels and vault maps discovered:
D:1:      sevenhm_arrival_forest_fort_small_6, layout_basic,
          basic_ecumenical_altar, minmay_misc_feat_rows, minmay_misc_feat_iff
D:2:      cheibrodos_old_hovel, layout_basic, uniq_jessica
D:3:      layout_loops_corners, overflow_temple_1_default,
          kennysheep_vampire_church, mainiacjoe_overflow_paths,
          lightli_corner_chamber, uniq_pargi, uniq_sigmund
D:4:      black_bear_nest_1, layout_basic, mainiacjoe_overflow_alcove_4,
          nicolae_overflow_hidden_temple, chequers_big_river,
          chequers_mini_garden, minmay_tree_intersection, minmay_goblin_outpost

Skill      XL: |  1  2  3  4  5  6 |
---------------+-------------------+-----
Stealth        | 2 3 |  3.0
Fighting       | 4 5 |  5.4
Axes           | 5 6 |  6.6
Dodging        | 3 |  3.0
Armour         | 1 2 |  2.6

Action                   |  1- 3 |  4- 6 || total
-------------------------+-------+-------++-------
Melee: Hand axe          |   115 |   176 ||   291
       Punch             |     3 |     2 ||     5
Throw: Boomerang         |       |    28 ||    28
       Dart              |       |     3 ||     3
Evoke: Wand              |       |     4 ||     4
Armor: Robe              |     2 |       ||     2
       Ring mail         |    22 |       ||    22
       Chain mail        |    48 |   138 ||   186
Dodge: Dodged            |    65 |    73 ||   138
